 Dungeon Crawl Stone Soup version 0.14-a0-1765-g49ce880 (webtiles) character file.

220 Mitsuki the Stinger (level 4, -10/24 HPs)
             Began as a Deep Elf Venom Mage on Jan 5, 2014.
             Killed by divine providence
             ... invoked by an orc priest
              (15 damage)
             ... on Level 4 of the Dungeon.
             The game lasted 00:14:38 (2953 turns).

Mitsuki the Stinger (Deep Elf Venom Mage)           Turns: 2953, Time: 00:14:38

HP -10/24        AC  2     Str  6      XL: 4   Next: 16%
MP   2/13        EV 13     Int 20      God:
Gold 141         SH  0     Dex 15      Spells:  3 memorised,  3 levels left

rFire  . . .     SeeInvis +     d - +0,+2 whip
rCold  . . .     Clarity  .     a - +0 elf robe
rNeg   . . .     Conserve .     (no shield)
rPois  .         rCorr    .     (no helmet)
rElec  .         rRot     .     (no cloak)
SustAb . .       Spirit   .     (no gloves)
rMut   .         Warding  .     (no boots)
Saprov . . .     Stasis   .     (no amulet)
                                (no ring)
                                r - ring of see invisible

@: very slightly contaminated, slightly resistant to hostile enchantments,
stealthy
A: no striking features
a: no special abilities


You were on level 4 of the Dungeon.
You were not hungry.

You visited 1 branch of the dungeon, and saw 4 of its levels.

You collected 141 gold pieces.

Inventory:

Hand weapons
 d - a +0,+2 whip (weapon)
Armour
 a - a +0 elven robe (worn)
Comestibles
 c - 2 bread rations
 f - a meat ration
 p - a rotting chunk of goblin flesh
 s - 14 strawberries
Scrolls
 e - a scroll of magic mapping {unknown}
 h - a scroll of curse weapon {unknown}
 i - 3 scrolls of identify
 j - 2 scrolls of teleportation {unknown}
 k - a scroll of enchant armour {unknown}
 l - 2 scrolls of fog {unknown}
 m - a scroll of remove curse {unknown}
 n - 2 scrolls of enchant weapon I {unknown}
 q - a scroll of noise {unknown}
Jewellery
 r - a ring of see invisible (left hand)
Potions
 o - a potion of brilliance
Books
 b - a Young Poisoner's Handbook

   Spells                             Type                      Level
   *Sting                             Conjuration/Poison           1
   *Cure Poison                       Poison                       2
   *Mephitic Cloud                    Conjuration/Poison/Air       3
   Olgreb's Toxic Radiance            Poison                       4
   Venom Bolt                         Conjuration/Poison           5
 g - a book of Changes

   Spells                             Type                      Level
   Beastly Appendage                  Transmutation                1
   Sticks to Snakes                   Transmutation                2
   Spider Form                        Transmutation/Poison         3
   Ice Form                           Ice/Transmutation            4
   Blade Hands                        Transmutation                5


   Skills:
 - Level 0.1 Maces & Flails
 - Level 2.5 Dodging
 - Level 3.0 Stealth
 - Level 3.2 Spellcasting
 - Level 0.4 Conjurations
 * Level 5.8 Poison Magic


You had 3 spell levels left.
You knew the following spells:

 Your Spells              Type           Power        Failure   Level  Hunger
a - Sting                 Conj/Pois      ###.         4%          1    None
b - Mephitic Cloud        Conj/Pois/Air  ##......     21%         3    ###....
c - Cure Poison           Pois           ####......   1%          2    ##.....


Dungeon Overview and Level Annotations

Branches:
Dungeon (4/16)
 Temple: D:4-7

Altars:
Nemelex Xobeh
Xom

Annotations:
D:3 timbw's ghost, weakling HuNe


Message History

Confirm with . or Enter, or press ? or * to list all spells.
Aiming: Sting
Press: ? - help, Shift-Dir - straight line, f/p - giant cockroach
Aim: a giant cockroach (severely wounded, bewildered and confused)
The sting hits the giant cockroach.
The giant cockroach is severely wounded.
Casting: Sting
Confirm with . or Enter, or press ? or * to list all spells.
Aiming: Sting
Press: ? - help, Shift-Dir - straight line, f/p - giant cockroach
Aim: a giant cockroach (severely wounded, bewildered and confused)
Okay, then.
Casting: Sting
Confirm with . or Enter, or press ? or * to list all spells.
Okay, then.
There is a stone staircase leading up here.
The orc priest calls down the wrath of Beogh upon you.
Something smites you!
Ouch! That really hurt!
You die...

#
######'##
#.....).#
#...o...#
#.@.....#
#.....s.#
+.......#
#.......+
#.......#
#.......#
#.......
###.... #


You could see an orc priest and a giant cockroach (confused).

Vanquished Creatures
  5 adders (D:2)
  2 giant geckos
  An orc (D:4)
  4 goblins
  7 hobgoblins
  A jackal (D:2)
  2 ball pythons
  3 bats
  3 giant newts
  3 kobolds
  2 rats (D:1)
33 creatures vanquished.

Notes
Turn   | Place    | Note
--------------------------------------------------------------
     0 | D:1      | Mitsuki, the Deep Elf Venom Mage, began the quest for the Orb.
     0 | D:1      | Reached XP level 1. HP: 10/10 MP: 5/5
   692 | D:1      | Reached XP level 2. HP: 15/15 MP: 3/8
  1332 | D:2      | Reached skill level 5 in Poison Magic
  1569 | D:2      | Reached XP level 3. HP: 19/19 MP: 8/11
  1574 | D:2      | Learned a level 3 spell: Mephitic Cloud
  1660 | D:2      | Learned a level 2 spell: Cure Poison
  1971 | D:2      | Found a sparkling altar of Nemelex Xobeh.
  2323 | D:2      | Found a shimmering altar of Xom.
  2378 | D:2      | You fall through a shaft!
  2384 | D:3      | Noticed timbw's ghost (weakling HuNe)
  2448 | D:2      | Reached XP level 4. HP: 21/24 MP: 8/13
  2953 | D:4      | Killed from afar by an orc priest

Action                   |  1- 3 |  4- 6 || total
-------------------------+-------+-------++-------
Melee: Whip              |    12 |       ||    12
 Cast: Sting             |    65 |     9 ||    74
       Mephitic Cloud    |     2 |     2 ||     4
       Cure Poison       |       |     1 ||     1
  Use: Potion            |     3 |     3 ||     6
       Scroll            |       |     1 ||     1
